 Dungeon Crawl Stone Soup version 0.20-a0-495-g2241292 (webtiles) character file.

122733 nono the Swashbuckler (level 17, -4/109 HPs)
             Began as a Halfling Abyssal Knight on Jan 18, 2017.
             Was the Champion of Lugonu.
             Killed by the raging water
             ... invoked by a water nymph
              (31 damage)
             ... on level 2 of the Shoals on Jan 19, 2017.
             The game lasted 03:44:02 (37525 turns).

nono the Swashbuckler (Halfling Abyssal Knight)    Turns: 37525, Time: 03:44:02

Health: -4/109     AC: 21    Str: 14    XL:     17   Next: 43%
Magic:  17/25      EV: 13    Int: 12    God:    Lugonu [******]
Gold:   1897       SH: 18    Dex: 16    Spells: 13/16 levels left

rFire    + . .     SeeInvis +   i - +2 rapier (freeze)
rCold    + . .     Gourm    .   Q - +1 chain mail {rF+}
rNeg     . . .     Faith    .   S - +5 shield
rPois    +         Spirit   .   N - +2 helmet {SInv}
rElec    .         Reflect  .   D - +0 cloak of an ice cave {rPois rC+ Int-2} (curse)
rCorr    .         Harm     .   t - +0 pair of gloves
MR       +++..                  E - +0 pair of boots
Stlth    ++........             (no amulet)
Regen    0.3/turn               W - ring of protection from magic
                                f - ring of protection from magic

@: flying
A: mutation resistance 1, wild magic 1
a: Depart the Abyss, Bend Space, Banish, Corrupt, Enter the Abyss, Brand Weapon
With Distortion, Renounce Religion


You were on level 2 of the Shoals.
You worshipped Lugonu.
Lugonu was exalted by your worship.
You were full.

You visited 5 branches of the dungeon, and saw 26 of its levels.
You visited the Abyss 1 time.
You also visited: Labyrinth, Ossuary and Volcano.

You collected 2589 gold pieces.
You spent 692 gold pieces at shops.

Inventory:

Hand Weapons
 a - a +1 short sword of draining
 b - a +0 rapier of flaming
 i - a +2 rapier of freezing (weapon)
 H - a +2 dagger of holy wrath
Armour
 t - a +0 pair of gloves (worn)
 C - a +2 leather armour of fire resistance
 D - the cursed +0 cloak of an ice cave (worn) {rPois rC+ Int-2}
   (You found it on level 1 of the Lair of Beasts)

   It affects your intelligence (-2).
   It protects you from cold.
   It protects you from poison.
   It has a curse placed upon it.
 E - a +0 pair of boots (worn)
 N - a +2 helmet of see invisible (worn)
 Q - a +1 chain mail of fire resistance (worn)
 S - a +5 shield (worn)
Jewellery
 f - a ring of protection from magic (left hand)
 j - an uncursed ring of protection from cold
 u - an uncursed ring of stealth
 v - the ring "Jyesuxin" {*Tele rC+ MP+9}
   (You found it in a labyrinth)

   [ring of teleportation]

   It may teleport you next to monsters.
   It protects you from cold.
   It affects your magic capacity (+9).
 w - the ring of Uskayaw's Castigation {rF+ rN+}
   (You found it on level 5 of the Lair of Beasts)

   [ring of positive energy]

   It protects you from fire.
   It protects you from negative energy.
 x - an uncursed ring of positive energy
 y - an uncursed amulet of regeneration
 J - an uncursed ring of flight
 V - an uncursed amulet of faith {unknown}
 W - a ring of protection from magic (right hand)
 X - the amulet "Pochus" {Harm *Drain rElec}
   (You found it on level 1 of the Lair of Beasts)

   [amulet of harm]

   It increases damage dealt and taken.
   It insulates you from electricity.
   It causes draining when unequipped.
 Z - an uncursed amulet of rage
Wands
 F - a wand of digging (15/24)
 G - a wand of lightning (0/15)
 M - a wand of confusion (35/48)
 O - a wand of acid (0/15)
 R - a wand of lightning (11/15)
 Y - a wand of disintegration (0/24)
Scrolls
 e - 3 scrolls of teleportation
 n - 4 scrolls of identify
 q - 2 scrolls of recharging
 r - 11 scrolls of remove curse
 s - 2 scrolls of vulnerability
 B - 4 scrolls of enchant weapon
 I - 3 scrolls of magic mapping
Potions
 h - 5 potions of curing
 k - 2 potions of flight
 l - 2 potions of resistance
 m - a potion of might
 o - 2 potions of cancellation
 p - 4 potions of berserk rage
 z - 2 potions of agility
 A - 2 potions of invisibility
 L - 2 potions of cure mutation
 P - 2 potions of magic
 T - a potion of haste
Comestibles
 c - 14 bread rations
 d - 9 meat rations
 U - a royal jelly


   Skills:
 - Level 8.0 Fighting
 - Level 17.1 Short Blades
 + Level 11.2 Armour
 - Level 10.4 Dodging
 - Level 13.0 Stealth
 - Level 13.3 Shields
 - Level 4.2 Charms
 - Level 2.0 Necromancy
 - Level 10.7 Invocations


You had 13 spell levels left.
You knew the following spells:

 Your Spells              Type           Power        Failure   Level  Hunger
a - Regeneration          Chrm/Necr      #.........   100%        3    ####...


Dungeon Overview and Level Annotations

Branches:
Dungeon (15/15)            Temple (0/1) D:6            Lair (6/6) D:11
 Shoals (2/4) Lair:4       Spider (0/4) Lair:4        Slime (0/5) Lair:5
    Orc (2/2) D:11            Elf (1/3) Orc:2        Vaults (0/5) D:13
 Depths (0/5) D:15

Altars:
Ashenzari
Dithmenos
Fedhas
Gozag
Kikubaaqudgha
Okawaru
Ru
Xom
Zin

Shops:
D:4 =   D:6 [*(!   D:10 (   D:13 ?   D:15 *   Orc:2 ?[*!

Annotations:
D:9 exclusion: obsidian statue
Lair:5 1 runed door
Abyss:1 Fannar


Innate Abilities, Weirdness & Mutations

You are small and have problems with some larger weapons.
You are somewhat resistant to further mutation.
Your spells are a little harder to cast, but a little more powerful.


Message History

Okay, then.
Press: ? - help, Shift-Dir - straight line, f - merfolk impaler
Aim: a merfolk impaler, wielding a trident and wearing a leather armour (severely wounded, chance to defeat MR: 75%)
The merfolk impaler is devoured by a tear in reality.
Lugonu claims a new guest.
Press: ? - help, Shift-Dir - straight line, f - water nymph
Aim: a water nymph (translocational energy, chance to defeat MR: 25%)
The water nymph resists with almost no effort.
You feel somewhat less full. The water nymph closely misses you.
Splash!
You fall into the shallow water.
Moving in this stuff is going to be slow.
Press: ? - help, v - describe, . - travel
Here: a water nymph (translocational energy) Some shallow water.
You feel very buoyant.
You fly up into the air.
The water nymph casts a spell at you. The water rises up and strikes you!
You die...

^≈≈≈.....)##§m§.P≈≈≈≈≈≈≈
≈≈≈≈.##...(.tP≈.≈≈≈≈≈≈≈≈
≈.≈≈.#.......PP≈≈≈≈≈≈≈≈≈
≈≈≈≈≈≈≈≈.PP##P≈≈≈≈≈≈≈≈≈≈
≈≈≈≈≈.≈≈..###PP≈≈P≈≈≈≈≈≈
.≈≈≈≈≈.≈.P.###P≈≈≈≈≈≈≈≈≈≈
≈≈≈≈≈≈≈≈≈≈....PP≈≈≈≈≈≈≈≈≈≈
≈≈≈≈≈≈≈≈≈≈≈..≈≈P≈≈≈≈≈≈≈≈≈≈
≈≈...≈≈≈≈≈≈≈≈@≈.≈≈≈P≈≈≈≈≈≈≈
≈≈≈≈....≈≈≈≈≈≈≈§m≈≈≈≈≈≈≈≈≈≈≈≈
≈≈≈≈.≈≈≈≈≈≈≈≈≈≈.≈≈≈≈≈≈≈≈≈≈≈≈≈
≈≈≈≈≈≈≈≈≈≈≈≈≈≈≈(≈≈≈≈≈≈≈≈≈≈≈≈≈
≈≈≈≈≈≈≈≈≈≈≈≈≈.((≈(≈≈≈≈≈≈≈≈≈≈≈
≈≈≈≈≈≈≈≈≈≈≈≈≈.(##(≈≈≈≈≈≈≈≈≈≈≈
≈≈≈≈≈≈≈≈≈≈..≈.(###.((<≈≈≈≈≈≈≈
≈≈≈≈≈≈≈≈≈≈...#..#≈.≈≈.(≈≈≈≈≈≈
≈≈≈≈.≈≈≈≈≈≈..##(.≈.≈≈≈≈≈≈≈≈≈≈


You could see a water nymph.

Vanquished Creatures
  Agnes (D:15)
  Nessos (D:13)
  A dire elephant (D:15)
  A deep elf death mage (Orc:2)
  2 merfolk javelineers
  Josephine (D:15)
  A merfolk impaler (Shoals:1)
  Erolcha (Orc:1)
  A minotaur (Lab)
  A great orb of eyes (D:15)
  3 merfolk aquamancers
  4 two-headed ogres
  4 centaur warriors
  6 death yaks
  A tengu warrior (D:14)
  An ogre mage (D:12)
  Urug (D:15)
  3 dancing weapons
  3 orc high priests (Orc:2)
  2 deep elf knights (Orc:2)
  A hell knight (Volcano)
  3 sea snakes
  An unseen horror (D:13)
  14 harpies
  4 orc knights
  7 deep elf magi
  5 manticores
  A wolf spider (D:15)
  5 fauns
  4 orc sorcerers
  2 elephants (Lair:6)
  4 centaur zombies
  4 cyclopes
  3 black mambas
  2 merfolk sirens
  A molten gargoyle (Volcano)
  2 water nymphs (Shoals:1)
  3 centaur skeletons
  3 gargoyles
  A torpor snail (Lair:4)
  13 spiny frogs
  2 freezing wraiths
  3 rime drakes
  A tengu conjurer (D:15)
  An efreet (D:13)
  2 komodo dragons
  5 trolls
  18 merfolk
  3 wind drakes (Shoals:1)
  4 hornets (Lair:6)
  A polar bear (Lair:4)
  16 blink frogs
  16 dream sheep
  5 hippogriffs
  3 snapping turtles
  3 shadows
  9 spriggans
  An air elemental (Orc:2)
  5 wyverns
  A vampire (D:15)
  6 water elementals
  27 yaks
  A human (D:13)
  6 wraiths
  A fire bat (Volcano)
  3 hungry ghosts
  A warg (shapeshifter) (D:14)
  2 hell hounds (Lair:2)
  3 wargs
  A soldier ant (D:14)
  6 water moccasins
  6 ice beasts
  8 porcupines
  6 black bears
  A hornet zombie (D:8)
  5 sky beasts
  20 orc warriors
  4 necrophages
  10 ogres
  An eye of draining (D:11)
  2 phantoms
  14 centaurs
  4 boggarts (Lair:6)
  24 wolves
  12 crocodiles
  3 big kobolds
  24 bullfrogs
  A wyvern zombie (D:15)
  5 scorpions
  4 killer bees (D:10)
  5 wights (D:13)
  4 howler monkeys
  11 crimson imps
  3 bullfrog zombies
  4 hounds
  14 orc priests
  2 bullfrog skeletons
  4 jellies
  16 orc wizards
  3 iguanas
  2 hell rats (D:11)
  15 worker ants
  6 big kobold zombies (Ossuary)
  2 hound zombies
  A hound skeleton (D:4)
  2 mummies
  A gnoll (D:1)
  An adder (shapeshifter) (D:13)
  2 river rats
  15 adders
  5 shadow imps
  3 oozes
  An adder zombie (D:4)
  3 worms
  2 dart slugs (D:1)
  4 leopard geckos
  69 orcs
  2 spectral bats (Ossuary)
  13 bats
  8 giant cockroaches
  5 gnoll zombies (Ossuary)
  7 goblins
  8 hobgoblins
  16 jackals
  8 quokkas
  A ball python (D:1)
  3 bat simulacra (Ossuary)
  7 frilled lizards
  A giant cockroach zombie (D:6)
  6 goblin simulacra (Ossuary)
  6 hobgoblin zombies (Ossuary)
  18 kobolds
  8 kobold simulacra (Ossuary)
  6 kobold zombies
  6 orc zombies
  11 rats
  5 rat simulacra (Ossuary)
  6 spectral goblins (Ossuary)
  A spectral kobold (Ossuary)
  4 spectral rats (Ossuary)
788 creatures vanquished.

Vanquished Creatures (collateral kills)
  A merfolk avatar (Shoals:1)
1 creature vanquished.

Vanquished Creatures (others)
  An orc warlord (Orc:2)
  A merfolk impaler (Shoals:2)
  2 hydras
  The ghost of TotoDurand the Carver, a novice FoFi of Gozag (D:9)
  2 deep elf magi
  2 fauns (Shoals:1)
  A hornet (Lair:6)
  3 orc warriors
  A crimson imp (D:13)
  An orc wizard (Orc:2)
  An orc (Orc:2)
  A spectral bat (Ossuary)
  A gnoll zombie (Ossuary)
  A goblin zombie (Ossuary)
  A hobgoblin zombie (Ossuary)
  19 fungi
  11 plants
50 creatures vanquished.

Grand Total: 839 creatures vanquished

Notes
Turn   | Place    | Note
-------+----------+-------------------------------------------
     0 | Abyss:1  | nono the Halfling Abyssal Knight began the quest for the Orb.
     0 | Abyss:1  | Reached XP level 1. HP: 15/15 MP: 2/2
     7 | Abyss:1  | Found a corrupted altar of Lugonu.
    17 | D:1      | Escaped the Abyss
   174 | D:1      | Reached XP level 2. HP: 11/20 MP: 3/3
   459 | D:1      | Reached skill level 3 in Short Blades
   468 | D:1      | Reached XP level 3. HP: 22/25 MP: 4/4
  1003 | D:2      | Reached ** piety under Lugonu
  1270 | D:2      | Reached XP level 4. HP: 29/30 MP: 5/5
  2013 | D:2      | Reached XP level 5. HP: 31/35 MP: 6/6
  2347 | D:2      | Reached skill level 4 in Short Blades
  3043 | D:3      | Reached skill level 1 in Shields
  3043 | D:3      | Reached XP level 6. HP: 13/41 MP: 8/8
  3066 | D:3      | Reached *** piety under Lugonu
  3919 | D:4      | Reached XP level 7. HP: 27/45 MP: 10/10
  4045 | D:4      | Reached skill level 5 in Invocations
  4168 | D:4      | Found Xoasaef's Jewellery Emporium.
  4387 | D:5      | Entered Level 5 of the Dungeon
  4423 | D:5      | Found a sand-covered staircase.
  4477 | Ossuary  | Entered an ossuary
  4497 | Ossuary  | Reached **** piety under Lugonu
  4704 | Ossuary  | Reached skill level 5 in Short Blades
  5038 | Ossuary  | Reached ***** piety under Lugonu
  5471 | D:5      | Reached XP level 8. HP: 51/51 MP: 12/12
  5862 | D:6      | Reached skill level 6 in Short Blades
  5958 | D:6      | Found an iron altar of Okawaru.
  6126 | D:6      | Reached skill level 7 in Short Blades
  6128 | D:6      | Found Cocw's General Store.
  6130 | D:6      | Found Azoor's Distillery.
  6130 | D:6      | Found Xeamesm's Weapon Shoppe.
  6132 | D:6      | Found Qimyissi's Antique Armour Shoppe.
  6172 | D:6      | Bought a +0 rapier for 52 gold pieces
  6417 | D:6      | Found a staircase to the Ecumenical Temple.
  6605 | D:7      | Reached skill level 8 in Short Blades
  6717 | D:7      | Reached XP level 9. HP: 36/55 MP: 13/13
  6861 | D:7      | Reached skill level 9 in Short Blades
  7013 | D:7      | Reached skill level 5 in Shields
  7201 | D:7      | Reached skill level 10 in Short Blades
  7541 | D:7      | Noticed a hippogriff
  7577 | D:7      | Killed a hippogriff
  7808 | D:8      | Reached skill level 5 in Dodging
  7808 | D:8      | Reached XP level 10. HP: 60/61 MP: 14/14
  7821 | D:8      | Found a shadowy altar of Dithmenos.
  7869 | D:8      | Found an ancient bone altar of Kikubaaqudgha.
  7872 | D:8      | Found a blossoming altar of Fedhas.
  7872 | D:8      | Found a sacrificial altar of Ru.
  7875 | D:8      | Found a glowing silver altar of Zin.
  7940 | D:8      | Reached skill level 11 in Short Blades
  8458 | D:9      | Noticed TotoDurand's ghost (novice FoFi)
  8468 | D:9      | Banished TotoDurand's ghost
  8737 | D:9      | Found a shattered altar of Ashenzari.
  9158 | D:9      | Noticed an obsidian statue
  9308 | D:9      | Reached skill level 12 in Short Blades
  9644 | D:10     | Entered Level 10 of the Dungeon
  9667 | D:10     | Found Esujiwy's Antique Weapon Boutique.
  9897 | D:10     | Noticed a two-headed ogre
  9981 | D:10     | Reached XP level 11. HP: 61/66 MP: 15/15
 10490 | D:10     | Reached skill level 1 in Stealth
 10886 | D:10     | Banished a two-headed ogre
 11174 | D:10     | Reached skill level 5 in Stealth
 11443 | D:11     | Noticed a death yak
 11618 | D:11     | Noticed a death yak
 11913 | D:11     | Noticed a deep elf mage
 12013 | D:11     | Noticed a death yak
 12309 | D:11     | Found a staircase to the Lair.
 12316 | Lair:1   | Entered Level 1 of the Lair of Beasts
 12565 | Lair:1   | Gained mutation: You are occasionally teleported next to monsters. [potion of mutation]
 12565 | Lair:1   | Gained mutation: You are dopey. (Int -2) [potion of mutation]
 12593 | Lair:1   | Gained mutation: Your body sometimes deteriorates upon taking damage. [potion of mutation]
 12594 | Lair:1   | Gained mutation: Potions are less effective at restoring your health. [potion of mutation]
 12595 | Lair:1   | Lost mutation: You are dopey. (Int -2) [potion of cure mutation]
 12595 | Lair:1   | Lost mutation: Your body sometimes deteriorates upon taking damage. [potion of cure mutation]
 12595 | Lair:1   | Lost mutation: You are occasionally teleported next to monsters. [potion of cure mutation]
 12595 | Lair:1   | Lost mutation: Potions are less effective at restoring your health. [potion of cure mutation]
 12606 | Lair:1   | Got a pitted platinum amulet
 12607 | Lair:1   | Identified the amulet "Pochus" {Harm *Drain rElec} (You found it on level 1 of the Lair of Beasts)
 12834 | Lair:1   | Got a faintly humming cloak
 12845 | Lair:1   | Identified the cursed +0 cloak of an ice cave {rPois rC+ Int-2} (You found it on level 1 of the Lair of Beasts)
 12916 | Lair:1   | Reached skill level 13 in Short Blades
 13274 | Lair:2   | Reached XP level 12. HP: 72/72 MP: 16/16
 13309 | Lair:2   | Found a dark tunnel.
 13318 | Volcano  | Entered a volcano
 13396 | Volcano  | Found a burning altar of Makhleb.
 13396 | Volcano  | Noticed a centaur warrior
 13418 | Volcano  | Killed a centaur warrior
 13418 | Volcano  | Reached skill level 10 in Shields
 13460 | Volcano  | Noticed a hell knight
 13462 | Volcano  | Killed a hell knight
 14029 | Lair:2   | Reached skill level 5 in Armour
 14561 | Lair:3   | Noticed a four-headed hydra
 14570 | Lair:3   | Banished a four-headed hydra
 14731 | Lair:3   | Noticed a five-headed hydra
 15551 | Lair:4   | Found a hole to the Spider Nest.
 15603 | Lair:4   | Found a staircase to the Shoals.
 15647 | Lair:4   | Reached skill level 14 in Short Blades
 15932 | Lair:4   | Reached XP level 13. HP: 59/76 MP: 16/18
 16775 | Lair:5   | Found a labyrinth entrance.
 16784 | Lab      | Entered a labyrinth
 17107 | Lab      | Found an exit through the horrors of the Abyss.
 17165 | Lab      | Noticed a minotaur
 17167 | Lab      | Killed a minotaur
 17168 | Lab      | Identified the Papyrus of Feathers and Execration
 17168 | Lab      | Identified the Papyrus of Necromancy
 17174 | Lab      | Learned a level 3 spell: Regeneration
 17177 | Lab      | Got a twitching granite ring
 17178 | Lab      | Identified the ring "Jyesuxin" {*Tele rC+ MP+9} (You found it in a labyrinth)
 17355 | Lair:5   | Reached skill level 5 in Fighting
 17416 | Lair:5   | Found a runed door.
 17517 | Lair:5   | You fall through a shaft!
 17517 | Lair:6   | Entered Level 6 of the Lair of Beasts
 17808 | Lair:5   | Got a steaming iron ring
 17810 | Lair:5   | Identified the ring of Uskayaw's Castigation {rF+ rN+} (You found it on level 5 of the Lair of Beasts)
 18011 | Lair:6   | Reached skill level 1 in Charms
 18086 | Lair:6   | Reached skill level 1 in Necromancy
 18570 | Lair:5   | Reached ****** piety under Lugonu
 18607 | Lair:5   | Reached skill level 10 in Stealth
 19810 | Lair:4   | Reached XP level 14. HP: 61/88 MP: 19/19
 19811 | Lair:4   | Reached XP level 15. HP: 64/92 MP: 20/20
 21414 | D:11     | Found a staircase to the Orcish Mines.
 21455 | Orc:1    | Entered Level 1 of the Orcish Mines
 21477 | Orc:1    | Noticed Erolcha
 21485 | Orc:1    | Killed Erolcha
 22009 | Orc:1    | Noticed Fannar
 22013 | Orc:1    | Banished Fannar
 22278 | Orc:2    | Entered Level 2 of the Orcish Mines
 22561 | Orc:2    | Reached skill level 15 in Short Blades
 22961 | Orc:2    | Noticed an orc warlord
 23507 | Orc:2    | Reached skill level 10 in Dodging
 23529 | Orc:2    | Banished an orc warlord
 24373 | Orc:2    | Paralysed by an orc sorcerer for 6 turns
 24412 | Orc:2    | Found Waxty's Distillery.
 24412 | Orc:2    | Found Joniowipir's Magic Scroll Emporium.
 24490 | Orc:2    | Found Atady's Assorted Antiques.
 24490 | Orc:2    | Found Wimokh's Armour Emporium.
 24521 | Orc:2    | Bought a scroll of brand weapon for 280 gold pieces
 24540 | Orc:2    | Bought a potion of heal wounds for 85 gold pieces
 24540 | Orc:2    | Bought a potion of heal wounds for 85 gold pieces
 24540 | Orc:2    | Bought a potion of heal wounds for 85 gold pieces
 24668 | Orc:2    | Found a shimmering altar of Xom.
 24813 | Orc:2    | Found a staircase to the Elven Halls.
 24842 | Elf:1    | Entered Level 1 of the Elven Halls
 25778 | D:12     | Gained mutation: Your spells are a little harder to cast, but a little more powerful. [potion of mutation]
 26463 | D:13     | Reached skill level 10 in Invocations
 26508 | D:13     | Found Ittoxega's Magic Scroll Boutique.
 26554 | D:13     | Bought a scroll of enchant armour for 105 gold pieces
 26612 | D:13     | Reached XP level 16. HP: 60/98 MP: 23/23
 27025 | D:13     | Noticed Nessos
 27032 | D:13     | Killed Nessos
 27332 | D:13     | Found a gate to the Vaults.
 27773 | D:14     | Found an opulent altar of Gozag.
 28861 | D:15     | Entered Level 15 of the Dungeon
 28961 | D:15     | Noticed Urug
 28962 | D:15     | Reached skill level 16 in Short Blades
 29054 | D:15     | Killed Urug
 29124 | D:15     | Noticed Agnes
 29759 | D:15     | Noticed Josephine
 29880 | D:15     | Killed Josephine
 29990 | D:15     | Killed Agnes
 30185 | D:15     | Reached skill level 17 in Short Blades
 30270 | D:15     | Found Puinu's General Store.
 30306 | D:15     | Found a staircase to the Depths.
 31462 | Shoals:1 | Entered Level 1 of the Shoals
 34335 | Shoals:1 | Reached XP level 17. HP: 103/109 MP: 25/25
 36472 | Shoals:1 | Reached skill level 10 in Armour
 37518 | Shoals:2 | HP: 4/109 [merfolk impaler/trident (4)]
 37525 | Shoals:2 | Killed from afar by a water nymph

Vault maps used:
D:1:      scummos_arrival_simple_crosswalls
D:3:      first_bread, st_stairs_14, kennysheep_doodads
D:4:      serial_shops, nicolae_shop_behind_doors
D:5:      nicolae_ossuary_entry_giza, fountainhead
D:6:      okawaru_trees_2, minmay_misc_feat_iff, minmay_shop_grid_forest
D:7:      hangedman_abyss_or_decor_stabs
D:8:      grunt_temple_overflow_open, nicolae_dithmenos_shadow_blocks
D:9:      minmay_statue_hallways, nicolae_ashenzari_panopticon
D:10:     serial_shops, nicolae_shop_stone
D:11:     dpeg_lair_monsters, orc_0_dummy
D:13:     erik_vaults_1, serial_shops, shop, hangedman_stone_soup,
          dk_noncrumbling_4, uniq_nessos
D:14:     minivault_25, basic_altar
D:15:     hangedman_depths_entry_try_elsewhere_first, serial_shops, shop,
          minmay_strange_pillars, uniq_josephine, uniq_agnes, uniq_urug
Lair:1:   grunt_megastairs_3
Lair:2:   enter_volcano_3
Lair:4:   minmay_shoals_entry_lonely_mermaid, spider_nest_entry_web_field
Lair:5:   slime_altar_2, serial_forest, infiniplex_forest_clump_cross,
          infiniplex_forest_corner_1, infiniplex_forest_straight_1,
          infiniplex_forest_clump_curved, infiniplex_forest_straight_2,
          infiniplex_forest_straight_3, infiniplex_forest_end_1,
          infiniplex_forest_clump_tiny, infiniplex_forest_end_2,
          lab_entry_generic
Lair:6:   minmay_lair_end_enchanted_forest
Shoals:1: nicolae_shoals_flooded_hall
Orc:1:    nicolae_orc_rockfall, uniq_fannar, uniq_erolcha
Orc:2:    grunt_orc_tribal_feast, lemuel_statue_altar
Elf:1:    elf_arrival_002, minmay_elf_annihilation
Lab:      labyrinth_fake_exit, nicolae_lab_x, labyrinth_skeletal_remains
Ossuary:  ossuary_zaba_two_paths
Volcano:  volcano_lake

Skill      XL: |  1  2  3  4  5  6  7  8  9 10 11 12 13 14 15 16 17 |
---------------+----------------------------------------------------+-----
Short Blades   | 3 4 5 8 10 12 13 14 15 17 | 17.1
Dodging        | 2 3 5 6 7 8 9 10 | 10.4
Armour         | 3 7 11 | 11.2
Invocations    | 3 4 6 7 10 | 10.7
Shields        | 1 2 4 6 8 9 10 11 12 13 | 13.3
Stealth        | 8 10 13 | 13.0
Fighting       | 5 8 |  8.0
Charms         | 3 4 |  4.2
Necromancy     | 1 2 |  2.0

Action                   |  1- 3 |  4- 6 |  7- 9 | 10-12 | 13-15 | 16-18 || total
-------------------------+-------+-------+-------+-------+-------+-------++-------
Melee: Short sword       |   106 |   366 |   507 |     1 |   767 |  1285 ||  3032
       Rapier            |       |       |   340 |  1531 |  1827 |   642 ||  4340
       Whip              |       |       |       |     6 |       |       ||     6
       Dagger            |       |       |       |       |    66 |   212 ||   278
Invok: Banish            |       |       |       |     8 |    13 |     6 ||    27
       Bend Space        |       |       |       |       |     3 |     3 ||     6
Evoke: Wand              |       |       |     2 |       |    16 |    10 ||    28
  Use: Potion            |       |     2 |       |     8 |     7 |    22 ||    39
       Scroll            |       |       |     5 |    17 |    16 |     6 ||    44
 Stab: Sleeping          |       |     1 |     2 |    12 |    23 |    20 ||    58
       Distracted        |       |       |     2 |     1 |     6 |     6 ||    15
       Confused          |       |       |       |       |     2 |       ||     2
  Eat: Chunk             |     1 |     9 |     9 |    28 |    34 |    22 ||   103
       Fruit             |       |       |     2 |     3 |     3 |     5 ||    13
       Meat ration       |       |       |     1 |       |       |       ||     1
       Pizza             |       |       |       |       |     1 |     1 ||     2
       Beef jerky        |       |       |       |       |     1 |     3 ||     4
       Bread ration      |       |       |       |       |       |     3 ||     3
Armor: Leather armour    |    37 |    33 |   130 |   113 |   156 |    88 ||   557
       Ring mail         |       |    52 |       |       |       |       ||    52
       Chain mail        |       |       |       |       |       |   177 ||   177
Dodge: Dodged            |   113 |   213 |   319 |   427 |   625 |   575 ||  2272
Block: Buckler           |       |    43 |   143 |    16 |       |       ||   202
       Shield            |       |       |       |   619 |  1339 |  1304 ||  3262
